 Dungeon Sprint DCSS version 0.31-a0-731-ga75f04deac (webtiles) character file.

Game seed: 3617214756718454628

29689 Conn the Eclecticist (level 13, -6/77 HPs)
             Began as an Octopode Fire Elementalist on Sept 12, 2023.
             Was the Champion of Sif Muna.
             Succumbed to poison (dark miasma)
             ... in the Dungeon (Sprint I: "Red Sonja").
             The game lasted 00:49:35 (6028 turns).

Conn the Eclecticist (Octopode Fire Elementalist)   Turns: 6028, Time: 00:49:35

Health: -6/77      AC:  9    Str:  4    XL:     13   Next: 46%
Magic:  44/44      EV: 14    Int: 33    God:    Sif Muna [******]
Gold:   2254       SH: 13    Dex: 14    Spells: 0/48 levels left

rFire   + . .        w - +3 long sword of Qonkyhu {venom, rC+}
rCold   . . .        D - +2 buckler
rNeg    . . .        p - +0 hat of Fun and Games {Fly rElec rPois Str-3}
rPois   +            o - amulet of reflection
rElec   +            u - ring of fire
rCorr   +            s - ring of see invisible
SInv    +            x - +6 ring of intelligence
Will    .....        y - ring of magical power
Stlth   ++++         z - +4 ring of protection
HPRegen 0.32/turn    A - ring of resist corrosion
MPRegen 0.29/turn    B - +6 ring of intelligence
                     C - +4 ring of protection

%: no teleportation, reflection
@: lethally poisoned (-6 -> -43), flying
A: almost no armour, amphibious, 8 rings, camouflage 1, gelatinous body 1,
(nimble swimmer 1), tentacles
a: Renounce Religion, Channel Magic, Forget Spell, Divine Exegesis


You were in the Dungeon.
You worshipped Sif Muna.
Sif Muna was exalted by your worship.
You visited 1 branch You collected 5383 gold pieces.
You spent 3129 gold pieces at shops.

Inventory:

Hand Weapons
 g - a +0 dagger
 h - a +0 heavy scythe
 k - a +1 short sword of distortion
 t - the +3 broad axe "Ysun" {pain, rElec rF- rC+}
   (You bought it in a shop in the Dungeon)

   rF-:       It makes you vulnerable to fire.
   rC+:       It protects you from cold.
   rElec:     It insulates you from electricity.
 w - the +3 long sword of Qonkyhu (weapon) {venom, rC+}
   (You found it in the Dungeon)

   rC+:       It protects you from cold.
Missiles
 l - 2 curare-tipped darts (quivered)
Armour
 m - an orb of guile
 p - the +0 hat of Fun and Games (worn) {Fly rElec rPois Str-3}
   (You bought it in a shop in the Dungeon)

   Str-3:     It affects your strength (-3).
   rElec:     It insulates you from electricity.
   rPois:     It protects you from poison Fly: It grants you flight.
 D - a +2 buckler (worn)
Jewellery
 i - an amulet of guardian spirit
 o - an amulet of reflection (around mantle)
 s - a ring of see invisible (right tentacle)
 u - a ring of fire (left tentacle)
 x - a +6 ring of intelligence (on tentacle)
 y - a ring of magical power (on tentacle)
 z - a +4 ring of protection (on tentacle)
 A - a ring of resist corrosion (on tentacle)
 B - a +6 ring of intelligence (on tentacle)
 C - a +4 ring of protection (on tentacle)
Wands
 e - a wand of charming (21)
 n - a wand of roots (6)
Scrolls
 f - a scroll of blinking
 j - a scroll of revelation
 r - a scroll of identify
 v - a scroll of immolation
 F - a scroll of vulnerability
Potions
 a - 2 potions of magic
 b - 3 potions of curing
 c - 4 potions of heal wounds
 d - a potion of haste
 q - a potion of invisibility
Miscellaneous
 E - a condenser vane


   Skills:
 + Level 3.1 Fighting
 + Level 3.0 Short Blades
 + Level 1.8 Throwing
 + Level 6.1 Dodging
 - Level 5.0 Stealth
 * Level 7.1 Shields
 + Level 18.4 Spellcasting
 * Level 15.5 Conjurations
 - Level 4.0 Hexes
 + Level 4.0 Summonings
 + Level 17.0 Fire Magic
 * Level 3.1 Ice Magic
 - Level 7.2 Air Magic
 + Level 1.2 Poison Magic
 * Level 13.6 Invocations


You couldn't memorise any spells.
You knew the following spells:

 Your Spells              Type           Power      Damage    Failure   Level
a - Foxfire               Conj/Fire      100%       2x1d9     0%          1
b - Scorch                Fire           100%       2d9       0%          2
c - Inner Flame           Hex/Fire       99%        N/A       1%          3
d - Flame Wave            Conj/Fire      100%       2d21      1%          4
e - Swiftness             Air            67%        N/A       1%          3
f - Starburst             Conj/Fire      59%        6d16      1%          6
g - Mephitic Cloud        Conj/Pois/Air  70%        N/A       1%          3
h - Call Imp              Summ           100%       N/A       1%          2
i - Shock                 Conj/Air       100%       1d9       1%          1
j - Arcjolt               Conj/Air       40%        1d50      1%          5
k - Plasma Beam           Fire/Air       52%        2x1d67    1%          6
l - Orb of Destruction    Conj           46%        9d12      3%          7
m - Metabolic Englaciati  Hex/Ice        26%        N/A       13%         5

Your spell library contained the following spells:

 Spells                   Type           Power      Damage    Failure   Level
 Magic Dart               Conj           100%       1d8       0%          1
 Searing Ray              Conj           100%       2d8       0%          2
 Necrotise                Necr           100%       1d9       1%          1
 Sandblast                Erth           60%        2d14      1%          1
 Slow                     Hex            100%       N/A       1%          1
 Cigotuvi's Dreadful Rot  Necr/Pois/Air  98%        N/A       1%          2
 Momentum Strike          Conj/Tloc      100%       3d10      1%          2
 Static Discharge         Conj/Air       100%       2-7/arc   1%          2
 Confusing Touch          Hex            54%        N/A       1%          3
 Hailstorm                Conj/Ice       75%        3d15      1%          3
 Ignite Poison            Fire/Tmut/Pois 82%        N/A       1%          3
 Ozocubu's Armour         Ice            50%        N/A       1%          3
 Sigil of Binding         Hex            54%        N/A       1%          3
 Stone Arrow              Conj/Erth      100%       3d13      1%          3
 Volatile Blastmotes      Fire/Tloc      100%       2d18      1%          3
 Airstrike                Air            33%        2d(5-21)  1%          4
 Sticky Flame             Conj/Fire      100%       2d11      1%          4
 Fireball                 Conj/Fire      59%        3d23      1%          5
 Freezing Cloud           Conj/Ice/Air   36%        6-21      1%          5
 Iskenderun's Battlesphe  Conj           93%        2d14      1%          5
 Summon Ice Beast         Ice/Summ       52%        N/A       4%          4
 Vhi's Electric Charge    Tloc/Air       100%       N/A       4%          4
 Teleport Other           Tloc           30%        N/A       6%          3
 Vampiric Draining        Necr           30%        2d8       6%          3
 Leda's Liquefaction      Hex/Erth       21%        N/A       9%          4
 Olgreb's Toxic Radiance  Pois           38%        N/A       12%         4
 Leda's Unmaking          Conj/Erth      34%        9d6       13%         6
 Passage of Golubria      Tloc           30%        N/A       21%         4
 Summon Forest            Summ/Tloc      21%        N/A       24%         5
 Spellforged Servitor     Conj/Summ      38%        N/A       30%         7
 Borgnjor's Vile Clutch   Necr/Erth      15%        N/A       50%         5
 Simulacrum               Ice/Necr       20%        N/A       85%         6
 Eringya's Noxious Bog    Tmut/Pois      17%        4d6       93%         6
 Fire Storm               Conj/Fire      59%        8d15      95%         9
 Summon Hydra             Summ           27%        N/A       97%         7
 Lehudib's Crystal Spear  Conj/Erth      34%        10d9      99%         8
 Malign Gateway           Summ/Tloc      21%        N/A       100%        7
 Chain Lightning          Conj/Air       40%        3d54      100%        9
 Dragon's Call            Summ           27%        N/A       100%        9
 Shatter                  Erth           15%        3d15*     100%        9


Dungeon Overview and Level Annotations

Branches:
Dungeon (1/1)

Altars:
Cheibriados
Dithmenos
Elyvilon
Fedhas
Gozag
Hepliaklqana
Kikubaaqudgha
Makhleb
Nemelex Xobeh
Okawaru
Qazlal
Ru
Sif Muna
Trog
Uskayaw
Vehumet
Wu Jian
Xom
Yredelemnul
Zin
The Shining One
Jiyva
Lugonu

Shops:
D [((=*[?(!([=?!*(=![[[

Annotations:
D Lom Lobon


Innate Abilities, Weirdness & Mutations

You cannot wear most types of armour.
You are amphibious.
You can wear up to eight rings at the same time.
Your skin changes colour to match your surroundings (Stealth+).
Your rubbery body absorbs attacks. (AC +1, EV +1)
((You are camouflaged when in or above water. (Stealth+)))
You have tentacles for arms and can constrict up to eight enemies at once.


Message History

Unknown command.
Unknown command.
There is an open door here.
You reach down and close the door.
Okay, then.
Unknown command.
You reach down and open the door.
There is an open door here.
You reach down and close the door.
Things that are here:
a +0 spear; a +0 spear As you open the door, it creaks loudly!
You are engulfed in dark miasma.
There is an open door here.
You are engulfed in dark miasma.
There is an open door here.
Found a longbow.
You are engulfed in dark miasma.
You are poisoned.
You feel very sick.
You are engulfed in dark miasma.
You feel very sick.
You feel very sick.
Press: ? - help, v - describe, . - travel, g - get item
Items here: a longbow; a leather armour; 54 gold pieces.
The floor.
There is a cloud of foul pestilence here.
Unknown command.
Unknown command.
Unknown command.
You are engulfed in dark miasma.
You are more poisoned.
You feel extremely sick.
You are engulfed in dark miasma.
You feel very sick.
You are engulfed in dark miasma.
You are lethally poisoned!
* * * LOW HITPOINT WARNING * * *
x2 You feel extremely sick.
You are engulfed in dark miasma.
* * * LOW HITPOINT WARNING * * *
You die...

...§.####...°○....#.#.°..#*,,,,,,
####.#".'......####'#.##'##,,,,,,
§.§#.#####...###..).#.#~~~##,,,,,
§§#§§#...#####...####.#~~~~##,,,,
§~####....).)..###....#~~~~~#####
§~##.......#####)...####~~~~#~~~~
~###...!..##○○○°°°.○#..#'~~~'~~.~
## #.....##.○°○○○○°.#...##~~#)~~~
####.....#...○○○@°○°#....######'#
∩∩############°○°°°.#....#~~≈≈≈≈≈
∩###≈≈≈)≈≈≈≈.#○○°°°^#######~~~~≈≈
## ###########○○°°○.'})#[.+...~~~
#..0..+,,........#)"'[)#......
#######*######################


There were no monsters in sight!

Vanquished Creatures
  Tiamat (D)
  the Lernaean hydra (D)
  A daeva (D)
  4 fire giants (D)
  A deep elf annihilator (D)
  A lorocyproca (D)
  A mummy priest (D)
  A hydra (D)
  2 centaur warriors (D)
  4 demonic crawlers (D)
  Sonja (D)
  A deep troll (D)
  2 oklob plants (D)
  A lindwurm (D)
  8 shining eyes (D)
  2 merfolk sirens (D)
  2 gargoyles (D)
  7 unseen horrors (D)
  2 kobold demonologists (D)
  A meliai (D)
  A hellwing (D)
  3 hornets (D)
  A slime creature (D)
  Sigmund (D)
  A yak (D)
  13 hogs (D)
  2 redbacks (D)
  6 floating eyes (D)
  An ogre (D)
  7 necrophages (D)
  8 jellies (D)
  Ijyb (D)
  2 ballistomycete spores (D)
91 creatures vanquished.

Vanquished Creatures (collateral kills)
  A floating eye (D)
1 creature vanquished.

Vanquished Creatures (others)
  A deep elf master archer (D)
  2 hornets (D)
  101 foxfires (D)
104 creatures vanquished.

Grand Total: 196 creatures vanquished

Notes
Turn   | Place    | Note
-------+----------+-------------------------------------------
     0 | D        | Conn the Octopode Fire Elementalist began the quest for the
                  | Orb.
     0 | D        | Reached XP level 1. HP: 11/11 MP: 3/3
     3 | D        | Noticed Ijyb
     8 | D        | Killed Ijyb
     9 | D        | Reached skill level 3 in Spellcasting
     9 | D        | Reached XP level 2. HP: 17/17 MP: 0/6
     9 | D        | Reached XP level 3. HP: 21/21 MP: 0/7
    25 | D        | Learned a level 2 spell: Scorch
    29 | D        | Learned a level 3 spell: Inner Flame
    67 | D        | Noticed an ogre
    73 | D        | Killed an ogre
    74 | D        | Reached skill level 5 in Spellcasting
    74 | D        | Reached XP level 4. HP: 27/27 MP: 0/11
   173 | D        | Noticed Sigmund
   175 | D        | Killed Sigmund
   176 | D        | Reached skill level 7 in Spellcasting
   176 | D        | Reached skill level 5 in Conjurations
   176 | D        | Reached XP level 5. HP: 31/31 MP: 5/14
   176 | D        | Reached XP level 6. HP: 36/36 MP: 5/16
   188 | D        | Learned a level 4 spell: Flame Wave
   256 | D        | Found a shimmering blue altar of Sif Muna.
   257 | D        | Found an ornate altar of the Wu Jian Council.
   258 | D        | Found a radiant altar of Vehumet.
   262 | D        | Became a worshipper of Sif Muna the Loreminder
   298 | D        | Found Ynwoc's Jewellery Emporium.
   298 | D        | Found an ancient bone altar of Kikubaaqudgha.
   298 | D        | Found a hazy altar of Hepliaklqana.
   298 | D        | Found a stormy altar of Qazlal.
   298 | D        | Found a hide-covered altar of Uskayaw.
   298 | D        | Found a blossoming altar of Fedhas.
   298 | D        | Found a bloodstained altar of Trog.
   298 | D        | Found an iron altar of Okawaru.
   298 | D        | Found a basalt altar of Yredelemnul.
   298 | D        | Found a glowing golden altar of the Shining One.
   298 | D        | Found a snail-covered altar of Cheibriados.
   298 | D        | Found a sacrificial altar of Ru.
   298 | D        | Found a glowing silver altar of Zin.
   298 | D        | Found a shadowy altar of Dithmenos.
   298 | D        | Found a white marble altar of Elyvilon.
   298 | D        | Noticed a yak
   307 | D        | Killed a yak
   308 | D        | Reached skill level 5 in Stealth
   308 | D        | Reached skill level 8 in Spellcasting
   308 | D        | Reached XP level 7. HP: 41/41 MP: 10/18
   311 | D        | Found an opulent altar of Gozag.
   312 | D        | Found a sparkling altar of Nemelex Xobeh.
   353 | D        | Found a burning altar of Makhleb.
   353 | D        | Found a viscous altar of Jiyva.
   353 | D        | Found a shimmering altar of Xom.
   353 | D        | Found a corrupted altar of Lugonu.
   353 | D        | Noticed a slime creature
   364 | D        | Killed a slime creature
   364 | D        | Reached * piety under Sif Muna
   365 | D        | Reached skill level 9 in Spellcasting
   444 | D        | Noticed Sonja
   448 | D        | Killed Sonja
   449 | D        | Reached skill level 11 in Spellcasting
   449 | D        | Reached skill level 10 in Fire Magic
   449 | D        | Reached XP level 8. HP: 46/46 MP: 9/23
   569 | D        | Learned a level 3 spell: Swiftness
   574 | D        | Learned a level 4 spell: Airstrike
   583 | D        | Found Qyom's Armour Boutique.
   603 | D        | Noticed a deep troll
   611 | D        | Killed a deep troll
   612 | D        | Reached XP level 9. HP: 51/51 MP: 18/24
   624 | D        | Found Uli Imm's Armour Emporium.
   642 | D        | Bought the +0 hat of Fun and Games {Fly rElec rPois Str-3}
                  | for 234 gold pieces
   663 | D        | Learned a level 3 spell: Mephitic Cloud
   666 | D        | Learned a level 2 spell: Call Imp
   668 | D        | Learned a level 1 spell: Shock
   689 | D        | Noticed a shining eye
   689 | D        | Noticed a shining eye
   689 | D        | Noticed a shining eye
   692 | D        | Paralysed by a floating eye for 3 turns
   692 | D        | Noticed a shining eye
   694 | D        | Reached ** piety under Sif Muna
   699 | D        | Paralysed by a floating eye for 3 turns
   699 | D        | Noticed a shining eye
   704 | D        | Killed a shining eye
   704 | D        | Killed a shining eye
   705 | D        | Reached skill level 12 in Spellcasting
   705 | D        | Reached skill level 1 in Hexes
   706 | D        | Killed a shining eye
   706 | D        | Reached *** piety under Sif Muna
   707 | D        | Reached skill level 1 in Throwing
   707 | D        | Reached skill level 5 in Invocations
   713 | D        | Noticed a shining eye
   716 | D        | Killed a shining eye
   717 | D        | Reached skill level 13 in Spellcasting
   717 | D        | Reached skill level 5 in Air Magic
   717 | D        | Reached XP level 10. HP: 56/56 MP: 4/27
   717 | D        | Noticed a shining eye
   718 | D        | Killed a shining eye
   718 | D        | Killed a shining eye
   719 | D        | Reached skill level 1 in Summonings
   720 | D        | Killed a shining eye
   720 | D        | Reached **** piety under Sif Muna
   859 | D        | Noticed a shining eye
   869 | D        | Killed a shining eye
   874 | D        | Found Ablual's Antique Weapon Shoppe.
   874 | D        | Found Ciocufyifi's General Store.
   874 | D        | Found Jecy's Weapon Emporium.
   874 | D        | Found Nethrey's Armour Boutique.
   891 | D        | Bought a potion of lignification for 30 gold pieces
   891 | D        | Bought a potion of heal wounds for 50 gold pieces
   892 | D        | Found Sosic's Magic Scroll Shop.
   892 | D        | Found Hoaper's Weapon Shoppe.
   892 | D        | Found Jukhlaycs's Distillery.
   892 | D        | Found Jeascheb's Weapon Emporium.
   892 | D        | Found Qofosiuts's Armour Shop.
   939 | D        | Noticed a centaur warrior
   944 | D        | Noticed a centaur warrior
   953 | D        | Killed a centaur warrior
   953 | D        | Killed a centaur warrior
   953 | D        | Reached ***** piety under Sif Muna
   954 | D        | Reached skill level 14 in Spellcasting
   954 | D        | Reached skill level 10 in Conjurations
  1219 | D        | Received a gift from Sif Muna
  1227 | D        | Learned a level 5 spell: Arcjolt
  1234 | D        | Learned a level 6 spell: Plasma Beam
  1246 | D        | Noticed an oklob plant
  1252 | D        | Killed an oklob plant
  1253 | D        | Reached XP level 11. HP: 61/61 MP: 11/29
  1386 | D        | Received a gift from Sif Muna
  1396 | D        | Got Sif Muna's Anthology of Overhead Conflagration {god
                  | gift}
  1409 | D        | Reached ****** piety under Sif Muna
  1484 | D        | Received a gift from Sif Muna
  1485 | D        | Got Vosoh's Secrets of Violence {god gift}
  1502 | D        | Found Ilaiffem's Jewellery Shoppe.
  1502 | D        | Found Hosiat's Magic Scroll Boutique.
  1502 | D        | Found Iwilyih's Distillery.
  1502 | D        | Found Modghemil's Assorted Antiques.
  1502 | D        | Found Yggoud's Antique Weapon Shoppe.
  1506 | D        | Found Zubuf's Jewellery Boutique.
  1507 | D        | Found Vutasam's Antique Armour Emporium.
  1507 | D        | Found Pauhuif's Distillery.
  1508 | D        | Found Nearacku's Armour Emporium.
  1520 | D        | Bought a slimy broad axe for 216 gold pieces
  1520 | D        | Identified the +3 broad axe "Ysun" {pain, rElec rF- rC+}
                  | (You bought it in a shop in the Dungeon)
  1525 | D        | Bought a ring of fire for 275 gold pieces
  1567 | D        | Learned a level 6 spell: Starburst
  1581 | D        | Bought a ring of see invisible for 165 gold pieces
  1615 | D        | Reached skill level 1 in Short Blades
  1764 | D        | Reached skill level 15 in Spellcasting
  1768 | D        | Reached skill level 1 in Fighting
  1772 | D        | Noticed a demonic crawler
  1772 | D        | Noticed a demonic crawler
  1772 | D        | Noticed a demonic crawler
  1772 | D        | Noticed a demonic crawler
  1775 | D        | Killed a demonic crawler
  1776 | D        | Reached skill level 5 in Dodging
  1777 | D        | Killed a demonic crawler
  1777 | D        | Killed a demonic crawler
  1777 | D        | Received a gift from Sif Muna
  1778 | D        | Reached skill level 1 in Shields
  1778 | D        | Reached skill level 10 in Invocations
  1780 | D        | Killed a demonic crawler
  1938 | D        | Got Sythribb's Elucidation of the Noxious Fjord {god gift}
  2107 | D        | Noticed a lindwurm
  2111 | D        | Killed a lindwurm
  2178 | D        | Received a gift from Sif Muna
  2188 | D        | Reached skill level 15 in Fire Magic
  2189 | D        | Reached XP level 12. HP: 53/72 MP: 7/31
  2192 | D        | Received a gift from Sif Muna
  2193 | D        | Got Sif Muna's Directory of Destruction {god gift}
  2333 | D        | Reached skill level 16 in Spellcasting
  2360 | D        | Learned a level 7 spell: Orb of Destruction
  2366 | D        | Noticed a 12-headed hydra
  2373 | D        | Killed a 12-headed hydra
  2498 | D        | Noticed a daeva
  2504 | D        | Killed a daeva
  2512 | D        | Received a gift from Sif Muna
  2513 | D        | Got Sif Muna's Octavo of Poisonous Immolation {god gift}
  2702 | D        | Identified the +3 long sword of Qonkyhu {venom, rC+}
  2863 | D        | Bought a scroll labelled HAYH ILE NEH for 30 gold pieces
  2863 | D        | Bought a scroll labelled QUOHEWE ACENA for 30 gold pieces
  2863 | D        | Bought a scroll labelled VIBOTH TUONK for 30 gold pieces
  2885 | D        | Bought a +6 ring of intelligence for 396 gold pieces
  2885 | D        | Bought a ring of magical power for 220 gold pieces
  2892 | D        | Bought a +4 ring of protection for 396 gold pieces
  2971 | D        | Noticed a lorocyproca
  2978 | D        | Killed a lorocyproca
  2979 | D        | Reached skill level 1 in Poison Magic
  3320 | D        | Bought a ring of resist corrosion for 220 gold pieces
  3320 | D        | Bought a +6 ring of intelligence for 396 gold pieces
  3333 | D        | Bought a +4 ring of protection for 396 gold pieces
  3340 | D        | Bought a +0 buckler for 45 gold pieces
  3434 | D        | Noticed a fire giant
  3436 | D        | Killed a fire giant
  3486 | D        | Noticed a fire giant
  3487 | D        | Noticed a fire giant
  3491 | D        | Killed a fire giant
  3491 | D        | Killed a fire giant
  3492 | D        | Reached skill level 17 in Spellcasting
  3550 | D        | Noticed a fire giant
  3555 | D        | Killed a fire giant
  3555 | D        | Received a gift from Sif Muna
  3687 | D        | Found the +4 dragonskin cloak
  3687 | D        | Noticed Tiamat
  4781 | D        | Killed Tiamat
  4782 | D        | Reached skill level 5 in Shields
  4782 | D        | Reached XP level 13. HP: 77/77 MP: 3/34
  4991 | D        | Reached skill level 18 in Spellcasting
  5155 | D        | Learned a level 5 spell: Metabolic Englaciation
  5157 | D        | Noticed a deep elf annihilator
  5159 | D        | Killed a deep elf annihilator
  5159 | D        | Received a gift from Sif Muna
  5160 | D        | Reached skill level 15 in Conjurations
  5160 | D        | Reached skill level 1 in Ice Magic
  5160 | D        | Got Sif Muna's Parchment of Blasted Astrapomancy {god gift}
  5163 | D        | Noticed a mummy priest
  5286 | D        | Killed a mummy priest
  5428 | D        | Noticed the 27-headed Lernaean hydra
  5448 | D        | Killed the 27-headed Lernaean hydra
  5589 | D        | Got the Anthology of Topology and Stones
  5595 | D        | Noticed Lom Lobon
  5670 | D        | Got the Handbook of Exothermic Support
  5672 | D        | Got the Atlas of Viridian Destruction
  5676 | D        | Got the Essays on the Blizzard and Unspeakable Secrets
  5684 | D        | Killed a deep elf master archer
  5911 | D        | Noticed a shadow dragon
  5992 | D        | Noticed a golden dragon
  6028 | D        | HP: 2/77 [something (11)]
  6028 | D        | Succumbed to poison (dark miasma)

Illustrated notes

Levels and vault maps discovered:
D:        dungeon_sprint_1 [red_sonja_temple_1, red_sonja_temple_small_1]

Skill      XL: |  1  2  3  4  5  6  7  8  9 10 11 12 13 |
---------------+----------------------------------------+-----
Stealth        | 3 4 5 |  5.0
Spellcasting   | 3 5 7 8 11 13 14 15 17 18 | 18.4
Conjurations   | 2 3 5 7 9 10 12 14 15 | 15.5
Fire Magic     | 4 6 7 9 10 11 12 13 15 16 17 | 17.0
Dodging        | 3 4 5 6 |  6.1
Air Magic      | 2 5 7 |  7.2
Invocations    | 3 5 8 10 12 13 | 13.6
Hexes          | 2 3 4 |  4.0
Throwing       | 1 |  1.8
Summonings     | 2 3 4 |  4.0
Short Blades   | 2 3 |  3.0
Fighting       | 2 3 |  3.1
Shields        | 1 5 7 |  7.1
Poison Magic   | 1 |  1.2
Ice Magic      | 3 |  3.1

Action                     |  1- 3 |  4- 6 |  7- 9 | 10-12 | 13-15 || total
---------------------------+-------+-------+-------+-------+-------++-------
  Melee: Unarmed           |     3 |       |       |       |       ||     3
         Constrict         |     1 |       |       |     3 |       ||     4
         Tentacles         |     1 |       |       |     2 |       ||     3
         Short sword       |       |       |       |    10 |       ||    10
  Throw: Dart              |       |       |     3 |     2 |       ||     5
   Cast: Foxfire           |     6 |     6 |     8 |    35 |     8 ||    63
         Scorch            |     2 |     5 |    14 |   112 |       ||   133
         Inner Flame       |       |       |     6 |    15 |     1 ||    22
         Call Imp          |       |       |     2 |    10 |       ||    12
         Mephitic Cloud    |       |       |       |     8 |     1 ||     9
         Airstrike         |       |       |       |     1 |       ||     1
         Flame Wave        |       |       |       |    12 |       ||    12
         Arcjolt           |       |       |       |    52 |       ||    52
         Starburst         |       |       |       |     8 |     2 ||    10
         Plasma Beam       |       |       |       |    10 |    12 ||    22
         Orb of Destructio |       |       |       |     4 |     8 ||    12
 Invoke: Channel Magic     |       |       |     1 |     4 |       ||     5
         Forget Spell      |       |       |       |     1 |       ||     1
    Use: Potion            |     1 |       |       |     2 |       ||     3
         Scroll            |       |       |       |    10 |     2 ||    12
   Stab: Sleeping          |       |       |       |     2 |       ||     2
 Armour: Skin              |     1 |       |     1 |    52 |     6 ||    60
  Dodge: Dodged            |       |     1 |     1 |    21 |       ||    23
  Block: Other             |       |       |       |    14 |       ||    14

Table legend: (Time is in decaauts)
 A = Elapsed time spent in this place.
 B = Non-inter-level travel time spent in this place.
 C = Inter-level travel time spent in this place.
 D = Time resting spent in this place.
 E = Time spent auto-exploring this place.
 F = Levels seen in this place.
 G = Mean time per level.
                   A        B        C        D        E       F      G
               +--------+--------+--------+--------+--------+-----+--------+
         Total |   6035 |   5979 |     56 |   3113 |    233 |   1 | 6035.0 |
       Dungeon |   6035 |   5979 |     56 |   3113 |    233 |   1 | 6035.0 |
               +--------+--------+--------+--------+--------+-----+--------+

Top non-repeatable levels by time:
       D: 6035 daAuts
